 Dungeon Crawl Stone Soup version 0.29-a0-284-gf9362112df (webtiles) character file.

Game seed: 13982964973427974061

41 enile the Skirmisher (level 3, 0/30 HPs)
             Began as a Djinni Fire Elementalist on Mar 14, 2022.
             Was a Follower of Qazlal.
             Slain by a rat (1 damage)
             ... on level 2 of the Dungeon.
             The game lasted 00:01:33 (3216 turns).

enile the Skirmisher (Djinni Fire Elementalist)     Turns: 3216, Time: 00:01:34

Health: 0/30       AC:  2    Str:  7    XL:     3   Next: 75%
Gold:   119        EV: 12    Int: 18    God:    Qazlal [*.....] SH:  1 Dex: 13

rFire   + + .      SeeInvis .   (no weapon)
rCold   x . .      Faith    .   (no shield)
rNeg    . . .      Spirit   .   a - +0 robe
rPois   ∞          Reflect  .   (no helmet)
rElec   .          Harm     .   (no cloak)
rCorr   .          Rampage  .   (no gloves)
Will    .....                   (boots unavailable)
Stlth   ++........              (no amulet)
HPRegen 0.10/turn               (no ring)
MPRegen 0.00/turn               (no ring)

@: attractive, flying, very slightly contaminated
A: sickness immunity, fire resistance 2, cold vulnerability 1, float, innate
caster, HP casting, extra vitality 1
a: Renounce Religion


You were on level 2 of the Dungeon.
You worshipped Qazlal.
Qazlal was aware of your devotion.
You visited 1 branch of the dungeon, and saw 3 of its levels.

You collected 119 gold pieces.

Inventory:

Armour
 a - a +0 robe (worn)
Jewellery
 g - a +4 ring of slaying
Scrolls
 b - a scroll of noise {unknown}
 c - a scroll of fog {unknown}
 h - 4 scrolls of identify {unknown}
 i - a scroll of blinking {unknown}
Potions
 d - a potion of attraction
 f - 2 potions of invisibility {unknown}
 j - a potion of degeneration {unknown}
 k - a potion of brilliance {unknown}


   Skills:
 + Level 3.0 Fighting
 - Level 2.1 Dodging
 - Level 1.5 Stealth
 - Level 2.4 Spellcasting


You couldn't memorise any spells.
You knew the following spells:

 Your Spells              Type           Power      Damage    Failure   Level
a - Foxfire               Conj/Fire      40%        2x1d6     6%          1
b - Scorch                Fire           20%        2d6       10%         2
c - Conjure Flame         Conj/Fire      10%        6-21      19%         3
d - Inner Flame           Hex/Fire       10%        N/A       19%         3
e - Flame Wave            Conj/Fire      10%        2d5       54%         4
f - Apportation           Tloc           20%        N/A       6%          1
Your spell library was empty.

Dungeon Overview and Level Annotations

Branches:
Dungeon (3/15)

Altars:
Qazlal


Innate Abilities, Weirdness & Mutations

You are immune to sickness and miasma.
You are immune to poison.
Your flesh is very heat resistant. (rF++)
You are vulnerable to cold. (rC-)
You float through the air rather than walking.
You learn spells naturally, not from books.
Your magical power is your life essence.
You have superior vitality. (+4 MHP)


Message History

There are monsters nearby!
There are monsters nearby!
There are monsters nearby!
Casting: Foxfire (safe; 6% risk of failure)
Confirm with . or Enter, or press ? or * to list all spells.
The fire begins to smoulder!
The rat misses you.
A gnoll comes into view. It is wielding a +0 flail.
The rat closely misses you.
You smother the flame.
Casting: Conjure Flame (quite dangerous; 19% risk of failure)
Confirm with . or Enter, or press ? or * to list all spells.
You miscast Conjure Flame.
You are very lightly contaminated with residual magic.
Nothing appears to happen.
The quokka barely misses you. The rat barely misses you.
Casting: Conjure Flame (quite dangerous; 19% risk of failure)
Confirm with . or Enter, or press ? or * to list all spells.
The fire begins to smoulder!
The quokka misses you. The rat bites you. The gnoll misses you.
The quokka twitches its whiskers.
The quokka bites you. The rat closely misses you.
The gnoll hits you with a +0 club. The quokka barely misses you.
You smother the flame.
The quokka bites you. The rat completely misses you.
The gnoll hits you with a +0 club.
* * * LOW HITPOINT WARNING * * *
You fly upwards.
There is a stone staircase leading down here.
Okay, then.
It was a potion of flight.
You feel more buoyant. The quokka bites you.
* * * LOW HITPOINT WARNING * * *
The rat barely misses you.
The gnoll is struck by lightning.
The gnoll barely misses you.
It was a potion of attraction.
You feel attractive to monsters. The quokka bites you.
* * * LOW HITPOINT WARNING * * *
The rat bites you.
You die...

#.......##....# ###....
####.##.##....# ####...###
#.##.##....######....###
####.##.##........##.####
##.....#..............#
##..............###(..### #
#..........[..[.# ###...#######
#............rgr# ###....#..:
#.............@.# ####....#
#.[.............### ###...
#>................##########.#.
#...............#..#.........#.
##.............###...##########
##.....#.....## #..## #
##)####..#### #...### #÷# ##.#
##.#...### ######.#####.#
###..###...####


You could see a gnoll, a quokka and a rat.

Vanquished Creatures
  A dart slug (D:1)
  5 bats
  5 endoplasms
  2 giant cockroaches
  5 goblins
  5 hobgoblins
  A quokka (D:1)
  4 ball pythons
  A frilled lizard (D:1)
  2 kobolds
  4 rats
35 creatures vanquished.

Vanquished Creatures (others)
  144 foxfires
144 creatures vanquished.

Grand Total: 179 creatures vanquished

Notes
Turn   | Place    | Note
-------+----------+-------------------------------------------
     0 | D:1      | enile the Djinni Fire Elementalist began the quest for the
                  | Orb.
     0 | D:1      | Reached XP level 1. HP: 15/15 MP: 0/0
   368 | D:1      | Reached skill level 1 in Fighting
   535 | D:1      | Reached XP level 2. HP: 18/22 MP: 0/0
  1049 | D:1      | You are sucked into a shaft and drop 1 floor!
  1069 | D:2      | Reached skill level 2 in Fighting
  1478 | D:2      | Reached XP level 3. HP: 25/29 MP: 0/0
  1478 | D:2      | Learned a level 1 spell: Apportation
  2291 | D:1      | Found a faded altar of an unknown god.
  2519 | D:1      | Prayed at the altar of an unknown god.
  2519 | D:1      | Became a worshipper of Qazlal Stormbringer
  2519 | D:1      | Reached * piety under Qazlal
  2701 | D:1      | Reached skill level 3 in Fighting
  3216 | D:2      | HP: 1/30 [quokka (1)]
  3216 | D:2      | Slain by a rat

Illustrated notes

Levels and vault maps discovered:
D:1:      saegor_arrival_simple_c, layout_loops_ring,
          shapermc_ecumenical_altar_notcrosses
D:2:      layout_rooms, corner_web_ring
D:3:      layout_basic, minmay_circle_x, uniq_crazy_yiuf_cottage, uniq_robin

Skill      XL: |  1  2  3 |
---------------+----------+-----
Fighting       | 1 2 3 |  3.0
Dodging        | |  2.1
Stealth        | |  1.5
Spellcasting   | |  2.4

Action                   || total
-------------------------++-------
Melee: Unarmed           ||     2
 Cast: Foxfire           ||    94
       Scorch            ||    13
       Conjure Flame     ||     2
  Use: Potion            ||     2
 Stab: Sleeping          ||     1
Armor: Robe              ||     5
Dodge: Dodged            ||    24

Table legend: (Time is in decaauts)
 A = Elapsed time spent in this place.
 B = Non-inter-level travel time spent in this place.
 C = Inter-level travel time spent in this place.
 D = Time resting spent in this place.
 E = Time spent auto-exploring this place.
 F = Levels seen in this place.
 G = Mean time per level.
                   A        B        C        D        E       F      G
               +--------+--------+--------+--------+--------+-----+--------+
         Total |   3217 |   3106 |    111 |      0 |   2780 |   3 | 1072.3 |
       Dungeon |   3217 |   3106 |    111 |      0 |   2780 |   3 | 1072.3 |
               +--------+--------+--------+--------+--------+-----+--------+

Top non-repeatable levels by time:
     D:1: 2097 daAuts
     D:2: 1112 daAuts
     D:3: 6 daAuts
